 Dungeon Crawl Stone Soup version 0.26-a0-252-gb32a1a6195 (webtiles) character file.

Game seed: 8902271147795627862

91 Bbreath the Shield-Bearer (level 4, 0/40 HPs)
             Began as a Minotaur Fighter on July 9, 2020.
             Slain by a gnoll
             ... wielding a +0 spear
              (3 damage)
             ... on level 2 of the Dungeon.
             The game lasted 00:08:57 (654 turns).

Bbreath the Shield-Bearer (Minotaur Fighter)         Turns: 654, Time: 00:08:57

Health: 0/40       AC:  7    Str: 21    XL:     4   Next: 33%
Magic:  3/3        EV:  7    Int:  5    God:
Gold:   43         SH:  9    Dex: 10    Spells: 3/3 levels left

rFire    . . .     SeeInvis .   j - -1 falchion
rCold    . . .     Faith    .   c - +0 kite shield
rNeg     . . .     Spirit   .   b - +0 scale mail
rPois    .         Reflect  .   (helmet restricted)
rElec    .         Harm     .   (no cloak)
rCorr    .                      (no gloves)
MR       .....                  (no boots)
Stlth    ..........             (no amulet)
HPRegen  0.13/turn              (no ring)
MPRegen  0.08/turn              (no ring)

@: no status effects
A: retaliatory headbutt, horns 2
a: no special abilities


You were on level 2 of the Dungeon.
You were full.

You visited 1 branch of the dungeon, and saw 2 of its levels.

You collected 43 gold pieces.

Inventory:

Hand Weapons
 a - a +0 long sword
 j - a -1 falchion (weapon)
 l - a cursed -1 flail
Missiles
 g - 16 stones (quivered)
Armour
 b - a +0 scale mail (worn)
 c - a +0 kite shield (worn)
Scrolls
 k - a scroll of remove curse
Potions
 d - a potion of might
 e - a potion of lignification {unknown}
 h - 2 potions of stabbing {unknown}
 i - a potion of curing {unknown}
Comestibles
 f - 3 rations


   Skills:
 + Level 4.2 Fighting
 + Level 3.2 Long Blades
 + Level 0.4 Throwing
 + Level 4.4 Armour
 + Level 0.5 Dodging
 + Level 4.5 Shields


You had 3 spell levels left.
You didn't know any spells.
Your spell library was empty.

Dungeon Overview and Level Annotations

Branches:
Dungeon (2/15)

Altars:
Hepliaklqana

Annotations:
D:2 Sigmund


Innate Abilities, Weirdness & Mutations

You reflexively headbutt those who attack you in melee.
You have a pair of horns on your head.


Message History

You completely miss something.
The gnoll shouts!
You block the gnoll's attack. Something hits you but does no damage.
The gnoll hits you with a +0 spear. The gnoll barely misses you.
You hit the gnoll. You headbutt the gnoll!
The gnoll is almost dead.
The gnoll hits you with a +0 spear.
* * * LOW HITPOINT WARNING * * *
The gnoll hits you but does no damage. Something hits you.
* * * LOW HITPOINT WARNING * * *
You block the gnoll's attack. x2
As you read the scroll labeled DOPOEKL JIUCW, it crumbles to dust.
You feel as if something is helping you.
It was a scroll of remove curse.
Something hits you.
* * * LOW HITPOINT WARNING * * *
You block the gnoll's attack. The gnoll hits you with a +0 spear.
* * * LOW HITPOINT WARNING * * *
You eat one of the 4 rations.
That ration really hit the spot!
The gnoll hits you with a +0 spear.
You die...

#...........†..# ...
#.#####..#####.# ... #.#
#..##.##.# ....
#.#####..##....####
.....#....##..##.##.....
.....####.##...#.#...≈≈≈
.....###.#....#...≈≈≈≈≈
#.g{..#.####..≈≈≈≈≈≈
#gg@.........≈≈≈≈≈≈≈
#.#####.####.≈≈≈≈≈≈_ #
#......≈≈≈≈≈≈≈
....#....≈≈≈≈≈≈ ##
.#.#....≈≈≈≈ #.##.#...≈≈
#. #....... #......###.
#...####### #.


You could see 3 gnolls.

Vanquished Creatures
  An orc priest (D:2)
  An orc wizard (D:2)
  An adder (D:2)
  2 worms (D:2)
  3 orcs (D:2)
  A giant cockroach (D:1)
  3 hobgoblins
  2 bats (D:1)
  2 frilled lizards (D:1)
  2 goblins
  A rat (D:1)
19 creatures vanquished.

Notes
Turn   | Place    | Note
-------+----------+-------------------------------------------
     0 | D:1      | Bbreath the Minotaur Fighter began the quest for the Orb.
     0 | D:1      | Reached XP level 1. HP: 19/19 MP: 0/0
   223 | D:1      | Reached XP level 2. HP: 26/27 MP: 1/1
   398 | D:2      | Reached XP level 3. HP: 28/33 MP: 2/2
   400 | D:2      | Reached XP level 4. HP: 27/40 MP: 3/3
   555 | D:2      | Found a hazy altar of Hepliaklqana.
   634 | D:2      | Noticed Sigmund
   654 | D:2      | Slain by a gnoll

Illustrated notes

Levels and vault maps discovered:
D:1:      wander_arrival_peaceful_grave, layout_basic
D:2:      layout_basic, lemuel_round_altar, lemuel_altar_in_water, uniq_sigmund

Skill      XL: |  1  2  3 |
---------------+----------+-----
Armour         | 4 |  4.4
Shields        | 4 |  4.5
Fighting       | 4 |  4.2
Long Blades    | 3 |  3.2
Throwing       | |  0.4
Dodging        | |  0.5

Action                   |  1- 3 |  4- 6 || total
-------------------------+-------+-------++-------
Melee: Long sword        |    34 |    15 ||    49
       Headbutt          |     4 |     2 ||     6
       Falchion          |       |    14 ||    14
Throw: Stone             |    13 |       ||    13
  Use: Scroll            |       |     1 ||     1
  Eat: Ration            |       |     1 ||     1
Armor: Scale mail        |    12 |    14 ||    26
Dodge: Dodged            |    11 |     8 ||    19
Block: Kite shield       |    11 |    17 ||    28
       Rpst.: Long sword |     2 |     1 ||     3
       Falchion          |       |     1 ||     1

Table legend:
 A = Non-vault XP
 B = Vault XP
 C = Vault XP percentage of total XP
 D = Non-vault monster count
 E = Vault monster count
 F = Vault count percentage of total count
                 A         B        C        D         E       F
            +---------+---------+-------+---------+---------+-------
      Total |     130 |       0 |   0.0 |      19 |       0 |   0.0
            +---------+---------+-------+---------+---------+-------
        D:1 |      13 |       0 |   0.0 |       9 |       0 |   0.0
        D:2 |     117 |       0 |   0.0 |      10 |       0 |   0.0
            +---------+---------+-------+---------+---------+-------
